 Dungeon Crawl Stone Soup version 0.18-a0-1354-gbc5753f (webtiles) character file.

482492 4thArraOfDagon the Impaler (level 22, -2/177 HPs)
             Began as a Demigod Hunter on Feb 18, 2016.
             Killed from afar by a salamander stormcaller (46 damage)
             ... with a great blast of fire
             ... on level 5 of the Vaults on Feb 19, 2016.
             The game lasted 04:14:12 (33238 turns).

4thArraOfDagon the Impaler (Demigod Hunter)        Turns: 33238, Time: 04:14:12

Health: -2/177     AC: 45    Str: 19    XL:     22   Next: 40%
Magic:  31/50      EV: 17    Int: 26    God:
Gold:   1783       SH:  0    Dex: 28    Spells: 9 memorised, 3 levels left

rFire  + . .     SeeInvis .     X - +9 bardiche (protect)
rCold  + + .     Gourm    .     A - +10 plate armour of Vaet Xeini {rC+}
rNeg   . . .     Faith    .     (shield currently unavailable)
rPois  .         Spirit   .     E - +3 hat of Pondering {ponderous, MR+ MP+10 Int+5}
rElec  +         Dismiss  .     u - +0 cloak
rCorr  .         Reflect  .     w - +2 pair of gloves
SustAt +         Harm     .     J - +2 pair of boots {run}
MR     ++++.                    Z - amulet of Namiwaut {Fragile +Rage rElec MR+ Str+4}
Stlth  ..........               Y - ring of wizardry
                                x - ring "Caetz" {rF+ rC+ Slay+5}

@: liquid flames, very slightly contaminated, glowing, incredibly resistant to
hostile enchantments, extremely unstealthy
A: agile 2, clever 1, high mp 1, screaming 2, weak 1, sustain attributes,
MP-powered wands
a: Evoke Berserk Rage
}: 3/15 runes: decaying, serpentine, slimy


You were on level 5 of the Vaults.
You were not hungry.

You visited 8 branches of the dungeon, and saw 47 of its levels.
You also visited: Labyrinth and Bailey.

You collected 5582 gold pieces.
You spent 3799 gold pieces at shops.

Inventory:

Hand Weapons
 X - a +9 bardiche of protection (weapon)
Missiles
 b - a throwing net (quivered)
Armour
 i - a +2 troll leather armour
 u - a +0 cloak (worn)
 w - a +2 pair of gloves (worn)
 A - the +10 plate armour of Vaet Xeini (worn) {rC+}
   (You found it on level 6 of the Pits of Slime)

   It protects you from cold.
 E - the +3 hat of Pondering (worn) {ponderous, MR+ MP+10 Int+5}
   (You took it off Gastronok on level 9 of the Dungeon)

   It affects your intelligence (+5).
   It affects your resistance to hostile enchantments.
   It affects your magic capacity (+10).
 J - a +2 pair of boots of running (worn)
Rods
 a - a +5 lightning rod (11/11)
   (You found it in a labyrinth)
 W - a +6 rod of inaccuracy (11/11)
   (You found it on level 6 of the Pits of Slime)
Jewellery
 c - an uncursed ring of fire
 n - an uncursed ring of resist corrosion
 q - an uncursed ring of protection from cold
 x - the ring "Caetz" (left hand) {rF+ rC+ Slay+5}
   (You found it on level 6 of the Pits of Slime)

   [ring of protection from cold]

   It affects your accuracy and damage with ranged weapons and melee attacks
   (+5).
   It protects you from fire.
   It protects you from cold.
 Q - an uncursed ring of see invisible
 Y - a ring of wizardry (right hand)
 Z - the amulet of Namiwaut (around neck) {Fragile +Rage rElec MR+ Str+4}
   (You found it on level 6 of the Pits of Slime)

   [amulet of rage]

   It affects your strength (+4).
   It insulates you from electricity.
   It affects your resistance to hostile enchantments.
   It lets you go berserk.
   It will be destroyed if unequipped.
Wands
 j - a wand of acid (9/15)
 D - a wand of digging (2/24)
 M - a wand of hasting (2/9)
 U - a wand of disintegration (4/24)
Scrolls
 d - a scroll of enchant weapon
 h - a scroll of fog
 k - 2 scrolls of blinking
 m - a scroll of teleportation
 r - 16 scrolls of remove curse
 v - a scroll of fear
 y - a scroll of enchant armour
 B - 3 scrolls of holy word
 C - a scroll of summoning
 H - 3 scrolls of recharging
 R - 10 scrolls of identify
Potions
 e - a potion of ambrosia
 g - 13 potions of curing
 o - 3 potions of cancellation
 p - 3 potions of cure mutation
 s - 3 potions of might
 z - 3 potions of heal wounds
 G - 3 potions of magic
 K - 2 potions of agility
 L - 3 potions of invisibility
 N - 5 potions of brilliance
 T - 3 potions of berserk rage
Books
 I - a Grand Grimoire

   Spells                             Type                      Level
   a - Monstrous Menagerie            Summoning                    7
   b - Summon Greater Demon           Summoning                    7
   c - Malign Gateway                 Summoning/Translocation      7
   d - Summon Horrible Things         Summoning                    8
 V - the Almanac of Dislocation
   (You found it on level 4 of the Snake Pit)

   Spells                             Type                      Level
   a - Apportation                    Translocation                1
   b - Shroud of Golubria             Charms/Translocation         2
   c - Gell's Gravitas                Hexes/Translocation          3
   d - Recall                         Summoning/Translocation      3
   e - Portal Projectile              Translocation                3
   f - Passage of Golubria            Translocation                4
Miscellaneous
 l - a phantom mirror
 O - a lamp of fire
 P - a disc of storms
 S - a fan of gales
Comestibles
 f - 10 bread rations
 t - 23 meat rations


   Skills:
 + Level 10.4 Fighting
   Level 1.5(14.2) Axes
 * Level 20.7(20.9) Polearms
   Level 5.6(15.0) Staves
   Level 4.0 Crossbows
 + Level 17.6 Armour
 - Level 12.1 Dodging
 - Level 0.8 Stealth
 - Level 9.0 Spellcasting
 - Level 2.0 Hexes
 - Level 4.8 Charms
 - Level 12.4 Summonings
 - Level 3.4 Necromancy
 - Level 9.5 Transmutations
 - Level 9.4 Earth Magic
 - Level 7.0 Evocations


You had 3 spell levels left.
You knew the following spells:

 Your Spells              Type           Power        Failure   Level  Hunger
a - Controlled Blink      Tloc           N/A          100%        8    #######
b - Shadow Creatures      Summ           N/A          26%         6    ######.
c - Spectral Weapon       Hex/Chrm       ####....     16%         3    None
d - Regeneration          Chrm/Necr      ####......   14%         3    None
e - Silence               Hex/Air        ###.......   100%        5    ####...
f - Sublimation of Blood  Necr           ####......   9%          2    None
g - Statue Form           Trmt/Erth      ######...    82%         6    ######.
h - Apportation           Tloc           ##........   30%         1    None
i - Cure Poison           Pois           ##........   50%         2    None


Dungeon Overview and Level Annotations

Branches:
Dungeon (15/15)            Temple (0/1) D:5            Lair (8/8) D:11
  Swamp (4/4) Lair:4        Snake (4/4) Lair:4        Slime (6/6) Lair:8
    Orc (2/2) D:11            Elf (3/3) Orc:2        Vaults (5/5) D:14
  Crypt: Vaults:2-3  Depths: D:15

Shops:
D:5 *   Orc:2 *!(::   Snake:3 *   Snake:4 %?}}

Annotations:
D:2 Sigmund
D:5 Duffy's ghost, amateur NaMo
D:10 Fannar
Lair:1 exclusion: hydra
Lair:2 exclusion: upstairs
Lair:3 exclusion: downstairs
Lair:5 exclusion: upstairs
Swamp:1 Aizul


Innate Abilities, Weirdness & Mutations

You have an increased reservoir of magic (+10% MP).
Your attributes are resistant to harm.
You are very agile. (Dex +4)
Your mind is acute. (Int +2)
You sometimes yell uncontrollably at your foes.
You are weak. (Str -2)
You expend magic power (3 MP) to strengthen your wands.


Message History

You miscast Shadow Creatures.
A fistful of eyes flickers past your view.
The salamander stormcaller casts a spell at you.
The sticky flame hits you!
You are covered in liquid flames!
The vault guard hits your vault sentinel but does no damage.
The vault guard misses your vault sentinel.
Your vault sentinel hits the salamander stormcaller with an arbalest!
Unknown command.
Casting: Shadow Creatures
Confirm with . or Enter, or press ? or * to list all spells.
The spell is very dangerous to cast!
Continue anyway?
Wisps of shadow whirl around you...
You are covered in liquid flames!
* * * LOW HITPOINT WARNING * * *
Your skin stops crawling.
The salamander stormcaller gestures at you while chanting.
A raging storm of fire appears!
The great blast of fire engulfs you! You partially resist.
You die...

#.#.#.#.#...#
.#.#.#.#.#..#
#W#.#.#.#)).#
.#.#.#.#ยง#p.#
#.#.#.#D##pp#
.#.#.#W#.#pN#
.#.#.#C#.##..#
#.#.#e#Q#.#..#
#.#.#.#.##@.#
.#p#.#.#.#..#
.#.#.#.#.##oo#
.#.#.#.#.#.#oo#
#.#.#.#.#.#.#k##..#
.#.#.#.#.#.#Q#.#o.#
#.#.#"#.#p#.#.##..#
.#.#p#.#C#p#.#Q#..#
#.#.#p#.#p#$#.##


You could see a salamander stormcaller, 3 vault guards, a friendly orc knight, a
friendly vault sentinel, a friendly orc warrior, a friendly orc priest and 2
friendly orc wizards.

Vanquished Creatures
  Rupert (Lair:7)
  2 deep elf blademasters (Elf:3)
  21 acid blobs
  Frances (Snake:1)
  2 deep elf master archers (Elf:3)
  A sphinx (Vaults:4)
  Gastronok (D:9)
  Agnes (Elf:1)
  2 shadow dragons (Vaults:5)
  3 tengu reavers
  3 azure jellies
  10 greater nagas
  8 deep elf sorcerers
  6 vault wardens
  3 frost giants
  2 fire giants (Vaults:5)
  Maud (Lair:6)
  An emperor scorpion (D:14)
  3 deep elf elementalists (Elf:3)
  4 war gargoyles
  A ghoul (Vaults:4)
  An orc warlord (Orc:1)
  3 very ugly things
  12 ironheart preservers
  Nessos (D:15)
  7 stone giants
  4 deep elf annihilators
  4 deep elf demonologists
  An apis (Elf:2)
  2 large abominations
  A crystal guardian (Vaults:3)
  4 ettins
  Snorg (Orc:1)
  2 fire dragons
  4 death oozes
  A minotaur (Lab)
  9 deep elf death magi
  25 vault guards
  8 deep elf high priests
  8 yaktaur captains
  2 ice dragons
  10 great orbs of eyes
  An entropy weaver (shapeshifter) (D:15)
  16 naga warriors
  Harold (D:10)
  A rakshasa (Vaults:1)
  18 hydras
  6 centaur warriors
  A ghost crab (shapeshifter) (Vaults:2)
  19 ogre magi
  14 alligators
  17 anacondas
  15 dancing weapons
  2 death knights
  An orc high priest (Orc:2)
  A queen ant (Lair:8)
  6 death yaks (Lair:6)
  10 naga sharpshooters
  15 deep elf knights
  8 shock serpents
  A fire crab (Vaults:4)
  12 hell knights (Vaults:4)
  A shadow wraith (Vaults:2)
  4 deep trolls (Vaults:2)
  2 spriggan druids
  4 salamander mystics
  16 deep elf archers
  5 unseen horrors
  2 flayed ghosts
  11 swamp dragons
  2 shambling mangroves (Swamp:4)
  5 hill giants
  A wizard (Vaults:1)
  4 phantasmal warriors
  A lindwurm (Lair:5)
  Pikel (D:8)
  9 ironbrand convokers
  3 necromancers
  7 naga ritualists
  8 harpies
  An orb spider (shapeshifter) (D:15)
  9 orc knights
  11 orc sorcerers
  8 mana vipers
  A fire giant zombie (Vaults:4)
  A hornet (shapeshifter) (Vaults:1)
  8 griffons
  27 ugly things
  44 deep elf magi
  4 wolf spiders
  3 shining eyes
  2 cyclopes
  3 manticores
  22 salamanders
  Joseph (D:8)
  An octopode (shapeshifter) (Vaults:4)
  4 vault sentinels
  19 guardian serpents
  19 naga magi
  2 gargoyles
  23 elephants
  53 black mambas
  An eye of devastation (Slime:4)
  A spiny frog (shapeshifter) (Vaults:4)
  25 spiny frogs
  A yaktaur zombie (Vaults:4)
  9 komodo dragons
  22 yaktaurs
  3 fire drakes (Lair:8)
  A kobold demonologist (D:15)
  5 freezing wraiths
  A tengu conjurer (D:14)
  3 giant leeches
  2 polar bears
  A merfolk (D:10)
  6 trolls
  Grinder (D:6)
  21 two-headed ogres
  27 blink frogs
  101 slime creatures
  A slime creature (shapeshifter) (Vaults:5)
  2 boulder beetles
  A centaur simulacrum (D:15)
  7 spriggans
  2 shadows
  4 air elementals
  7 redbacks
  3 water elementals
  2 wraiths
  2 fire elementals
  6 basilisks
  A human (D:10)
  16 yaks
  5 wyverns
  11 hippogriffs
  4 hungry ghosts
  A hog (shapeshifter) (Vaults:1)
  11 vampire mosquitoes
  2 steam dragons
  A yaktaur simulacrum (Vaults:4)
  3 insubstantial wisps (Swamp:4)
  4 mottled dragons
  19 wolves
  65 nagas
  5 wargs
  8 soldier ants
  17 swamp worms
  26 water moccasins
  A hell hound (Elf:1)
  35 orc warriors
  6 porcupines
  18 swamp drakes
  4 phantoms
  3 ice beasts
  2 sky beasts (D:11)
  18 wasps
  2 black bears
  2 necrophages
  8 boggarts
  51 ogres
  3 eyes of draining
  16 centaurs
  16 crocodiles
  3 big kobolds
  13 giant frogs
  3 earth elementals
  A wyvern skeleton (D:11)
  A scorpion (D:9)
  23 killer bees
  8 wights
  4 electric eels (Elf:3)
  4 centaur zombies
  5 crimson imps
  3 giant frog zombies
  A quasit (D:14)
  5 centaur skeletons
  4 hounds
  33 jellies
  19 orc priests
  A giant frog skeleton (D:6)
  15 iguanas
  42 orc wizards
  37 worker ants
  A killer bee zombie (D:9)
  11 sheep
  An ogre skeleton (Lab)
  2 hound zombies
  Robin (D:1)
  22 adders
  25 river rats
  5 shadow imps
  3 oozes
  An adder zombie (D:9)
  A worm (D:4)
  5 giant geckos
  127 orcs
  5 ball pythons
  4 giant cockroaches
  11 goblins
  11 hobgoblins
  2 jackals (D:2)
  2 quokkas
  8 bats
  6 giant newts
  2 jackal zombies (D:6)
  15 kobolds
  A quokka skeleton (D:4)
  7 rats
  A fungus (Lair:7)
  A plant (Lair:8)
1862 creatures vanquished.

Vanquished Creatures (collateral kills)
  the Royal Jelly (Slime:6)
  An acid blob (Slime:6)
  3 azure jellies (Slime:6)
  Roxanne (Swamp:3)
  A vault warden (Vaults:5)
  A stone giant (Vaults:5)
  2 vault guards (Vaults:5)
  A hydra (Lair:4)
  A giant orange brain (Slime:6)
  An ugly thing (Vaults:1)
  An eye of devastation (Slime:6)
  2 blink frogs (Lair:4)
  A plant (Lair:4)
17 creatures vanquished.

Vanquished Creatures (others)
  A deep elf elementalist (Elf:3)
  A deep elf knight (Elf:1)
  A hell knight (Vaults:4)
  A naga (Snake:2)
  A giant frog (D:9)
  2 orcs
  16 fungi
  19 plants
  101 spectral weapons
143 creatures vanquished.

Grand Total: 2022 creatures vanquished

Notes
Turn   | Place    | Note
--------------------------------------------------------------
     0 | D:1      | 4thArraOfDagon the Demigod Hunter began the quest for the Orb.
     0 | D:1      | Reached XP level 1. HP: 17/17 MP: 3/3
    35 | D:1      | Reached skill level 4 in Crossbows
   132 | D:1      | Reached XP level 2. HP: 21/24 MP: 4/4
   685 | D:2      | Noticed Robin
   697 | D:1      | Killed Robin
   697 | D:1      | Reached XP level 3. HP: 30/30 MP: 5/5
   719 | D:2      | Noticed Sigmund
   831 | D:2      | Reached skill level 1 in Axes
   991 | D:2      | Found a faded altar to an unknown god.
  1243 | D:3      | Reached XP level 4. HP: 38/38 MP: 6/6
  1261 | D:3      | Reached skill level 1 in Staves
  1791 | D:3      | Found an ancient bone altar of Kikubaaqudgha.
  2410 | D:5      | Entered Level 5 of the Dungeon
  2415 | D:5      | Noticed Duffy's ghost (amateur NaMo)
  2471 | D:4      | Reached skill level 1 in Armour
  2471 | D:4      | Reached XP level 5. HP: 35/45 MP: 7/7
  3122 | D:5      | Found Riec Bofia's General Store.
  3129 | D:5      | Bought a wand of disintegration (8/24) for 168 gold pieces
  3193 | D:5      | Noticed an ogre
  3215 | D:5      | Killed an ogre
  3215 | D:5      | Reached skill level 1 in Evocations
  3280 | D:5      | Found a staircase to the Ecumenical Temple.
  3504 | D:5      | Reached XP level 6. HP: 51/51 MP: 9/9
  3679 | D:5      | Found a blossoming altar of Fedhas.
  3964 | D:6      | Reached XP level 7. HP: 49/57 MP: 11/11
  4197 | D:6      | Found an ancient bone altar of Kikubaaqudgha.
  4256 | D:6      | Found a shattered altar of Ashenzari.
  4257 | D:6      | Found a basalt altar of Yredelemnul.
  4333 | D:6      | Found an opulent altar of Gozag.
  4342 | D:6      | Noticed Grinder
  4359 | D:6      | Killed Grinder
  4359 | D:6      | Reached skill level 5 in Staves
  4503 | D:7      | Reached XP level 8. HP: 36/63 MP: 12/12
  4541 | D:7      | Found a flagged portal.
  4547 | D:7      | Got a warped halberd
  4548 | D:7      | Identified the +6 halberd "Vononure" {chop, rElec Str+4 Int-5} (You found it on level 7 of the Dungeon)
  4551 | Bailey   | Entered a bailey
  4764 | Bailey   | Got a steaming dagger
  4773 | Bailey   | Identified a +2 pair of boots of running (You found it in a bailey)
  4851 | D:7      | :/
  4877 | D:7      | Reached skill level 1 in Polearms
  5050 | D:7      | Found a sacrificial altar of Ru.
  5183 | D:6      | Reached skill level 5 in Dodging
  5239 | D:8      | Found a snail-covered altar of Cheibriados.
  5498 | D:8      | Noticed Joseph
  5510 | D:8      | Killed Joseph
  5510 | D:8      | Reached skill level 5 in Polearms
  5510 | D:8      | Reached XP level 9. HP: 60/69 MP: 13/13
  5573 | D:8      | Reached skill level 5 in Armour
  5805 | D:9      | Noticed Gastronok
  5922 | D:9      | Noticed Pikel
  5930 | D:8      | Killed Pikel
  5930 | D:8      | Reached skill level 6 in Polearms
  6205 | D:9      | Killed Gastronok
  6205 | D:9      | Reached skill level 7 in Polearms
  6205 | D:9      | Reached XP level 10. HP: 68/77 MP: 14/14
  6326 | D:9      | Reached skill level 8 in Polearms
  6366 | D:9      | Learned a level 8 spell: Controlled Blink
  6573 | D:9      | Found an oddly glowing altar of Pakellas.
  6644 | D:10     | Entered Level 10 of the Dungeon
  6730 | D:10     | Noticed a hill giant
  6744 | D:10     | Killed a hill giant
  6744 | D:10     | Reached skill level 9 in Polearms
  6759 | D:10     | Killed an unseen horror
  6935 | D:10     | Noticed Fannar
  7065 | D:10     | Noticed Harold
  7093 | D:10     | Killed Harold
  7093 | D:10     | Reached XP level 11. HP: 71/83 MP: 15/15
  7140 | D:10     | Reached skill level 1 in Spellcasting
  7413 | D:11     | Found a staircase to the Lair.
  7424 | D:11     | Noticed an ogre mage
  7616 | D:10     | Identified the +5 dagger of a volcano {flame, rPois rC+} (You found it in a bailey)
  7701 | D:11     | Reached skill level 10 in Polearms
  7715 | D:11     | Killed an ogre mage
  7838 | D:11     | Noticed a hill giant
  7847 | D:11     | Killed a hill giant
  8047 | D:11     | Reached skill level 5 in Fighting
  8084 | D:11     | Found a staircase to the Orcish Mines.
  8459 | D:12     | Killed an unseen horror
  8613 | D:12     | Learned a level 6 spell: Shadow Creatures
  8748 | D:13     | Reached skill level 1 in Summonings
  8751 | D:13     | Found a labyrinth entrance.
  8766 | D:13     | Reached XP level 12. HP: 94/94 MP: 20/20
  8778 | Lab      | Entered a labyrinth
  8806 | Lab      | Got a smoking robe
  9036 | Lab      | Noticed a minotaur
  9046 | Lab      | Killed a minotaur
  9046 | Lab      | Reached skill level 11 in Polearms
  9052 | Lab      | Identified the Guide on Good Luck (You found it in a labyrinth)
  9057 | Lab      | Learned a level 3 spell: Spectral Weapon
  9067 | Lab      | Identified a +3 rod of inaccuracy (9/9) (You found it in a labyrinth)
  9196 | D:13     | Noticed a seven-headed hydra
  9251 | D:13     | Found a glowing golden altar of the Shining One.
  9288 | D:13     | You fall through a shaft for 2 floors!
  9288 | D:15     | Entered Level 15 of the Dungeon
  9289 | D:15     | :P
  9302 | D:15     | Reached skill level 1 in Charms
  9329 | D:15     | Reached skill level 1 in Hexes
  9338 | D:15     | Noticed Nessos
  9345 | D:15     | BLOAX: net the fucker
  9351 | D:15     | Killed Nessos
  9352 | D:15     | BLOAX: guess that works 2
  9369 | D:15     | Noticed a great orb of eyes
  9380 | D:15     | Noticed a seven-headed hydra
  9380 | D:15     | a griffon changed into a seven-headed hydra
  9393 | D:15     | Noticed a spark wasp
  9393 | D:15     | an 11-headed hydra changed into a spark wasp
  9397 | D:15     | emiel: wow
  9398 | D:15     | Noticed a centaur warrior
  9403 | D:15     | emiel: that shaft
  9406 | D:15     | emiel: shift*
  9413 | D:15     | Noticed a catoblepas
  9413 | D:15     | a queen ant changed into a catoblepas
  9416 | D:15     | Noticed a dire elephant
  9416 | D:15     | a catoblepas changed into a dire elephant
  9419 | D:15     | Noticed an alligator snapping turtle
  9419 | D:15     | a dire elephant changed into an alligator snapping turtle
  9430 | D:15     | Noticed a dire elephant
  9430 | D:15     | BLOAX: what was the initial monster
  9443 | D:15     | BLOAX: i can't even remember
  9459 | D:15     | BLOAX: orc warrior?
  9470 | D:15     | emiel: something like that
  9470 | D:15     | BLOAX: sun demon kobold
  9477 | D:14     | BLOAX: good stuff
  9769 | D:15     | Noticed an ogre mage
  9985 | D:14     | Noticed a death knight
 10069 | D:14     | Killed a death knight
 10081 | D:14     | Noticed a vault guard
 10092 | D:14     | Noticed a vault guard
 10133 | D:14     | emiel: basket of spiders is redback now? nice
 10183 | D:14     | Gained mutation: Your mind is acute. (Int +2) [mutagenic meat]
 10184 | D:14     | Gained mutation: You are weak. (Str -2) [mutagenic meat]
 10185 | D:14     | Gained mutation: You are agile. (Dex +2) [mutagenic meat]
 10187 | D:14     | Gained mutation: You expend magic power (3 MP) to strengthen your wands. [mutagenic meat]
 10298 | D:13     | BLOAX: because instant lethal poisoning wasn't probable enough already
 10414 | D:14     | Noticed a centaur warrior
 10419 | D:14     | Killed a centaur warrior
 10545 | Orc:1    | Entered Level 1 of the Orcish Mines
 10616 | Orc:1    | 4thArraOfDagon: o hi
 10616 | Orc:1    | 4thArraOfDagon: i managed to carry that felid outside
 10616 | Orc:1    | 4thArraOfDagon: during yesterdays session
 10633 | Orc:1    | Noticed an ettin
 10669 | Orc:1    | Killed an ettin
 10669 | Orc:1    | Reached XP level 13. HP: 70/102 MP: 23/23
 10714 | Orc:1    | Noticed Snorg
 10730 | Orc:1    | Killed Snorg
 10754 | Orc:1    | Noticed an orc warlord
 10788 | Orc:2    | Entered Level 2 of the Orcish Mines
 10974 | Orc:1    | emiel: makhleb and statform
 10976 | Orc:1    | You fall through a shaft!
 10976 | Orc:1    | emiel: good combo
 10976 | Orc:2    | Found a shimmering altar of Xom.
 10985 | Orc:2    | Found Tackeuc's Assorted Antiques.
 10994 | Orc:2    | Found a staircase to the Elven Halls.
 11029 | Orc:2    | Bought a fizzy green potion for 29 gold pieces
 11029 | Orc:2    | Bought a blackened pearl amulet for 165 gold pieces
 11301 | Orc:2    | Found Paxoich's Book Shop.
 11313 | Orc:2    | Bought a book of Necromancy for 330 gold pieces
 11317 | Orc:2    | Learned a level 3 spell: Regeneration
 11581 | Orc:2    | Reached skill level 1 in Necromancy
 11715 | Orc:2    | timbw: is there a tourney on?
 11715 | Orc:2    | 4thArraOfDagon: idk
 11715 | Orc:2    | Found a radiant altar of Vehumet.
 11723 | Orc:2    | Reached skill level 5 in Spellcasting
 11723 | Orc:2    | Reached skill level 5 in Summonings
 11752 | Orc:2    | Found Qeefath's Antique Weapon Boutique.
 11783 | Orc:2    | Found an ancient bone altar of Kikubaaqudgha.
 11824 | Orc:2    | Found a roughly hewn altar of Beogh.
 11824 | Orc:2    | Found Uwne's Book Boutique.
 11837 | Orc:2    | Found Ogisot's Distillery.
 11876 | Orc:2    | Bought a potion of brilliance for 52 gold pieces
 11876 | Orc:2    | Bought a potion of curing for 39 gold pieces
 11876 | Orc:2    | Bought a potion of invisibility for 104 gold pieces
 11876 | Orc:2    | Bought a potion of heal wounds for 65 gold pieces
 11876 | Orc:2    | Bought 2 potions of berserk rage for 130 gold pieces
 11876 | Orc:2    | Bought a potion of curing for 39 gold pieces
 11876 | Orc:2    | Bought a potion of heal wounds for 65 gold pieces
 11876 | Orc:2    | Bought a potion of brilliance for 52 gold pieces
 12044 | Lair:1   | Entered Level 1 of the Lair of Beasts
 12336 | Lair:1   | Reached skill level 12 in Polearms
 12916 | Lair:5   | Identified the +3 robe "Daxtixun" {MR+} (You found it in a labyrinth)
 13261 | Lair:6   | Noticed Maud
 13285 | Lair:6   | Killed Maud
 13389 | Lair:7   | Got a brightly glowing arbalest
 13390 | Lair:7   | Identified the +7 arbalest "Yrhuvily" {freeze, +Blink Str+2} (You found it on level 7 of the Lair of Beasts)
 13522 | Lair:6   | Reached XP level 14. HP: 87/113 MP: 26/26
 13552 | Lair:6   | Reached skill level 10 in Dodging
 13818 | Lair:7   | Noticed Rupert
 13833 | Lair:7   | Killed Rupert
 13840 | Lair:7   | Gained mutation: You occasionally shout uncontrollably at your foes. [potion of mutation]
 13840 | Lair:7   | Lost mutation: You expend magic power (3 MP) to strengthen your wands. [potion of mutation]
 13875 | Lair:8   | Entered Level 8 of the Lair of Beasts
 14112 | Lair:8   | Found a runed door.
 14349 | Lair:8   | Reached skill level 13 in Polearms
 14561 | Lair:8   | Paralysed by a wasp for 2 turns
 14759 | Lair:8   | Found a viscous altar of Jiyva.
 14763 | Lair:8   | Found a staircase to the Slime Pits.
 14855 | Lair:8   | BLOAX: i can't see anything
 14960 | Lair:8   | 4thArraOfDagon: this shit is lagging for me too
 15271 | Lair:5   | Got a slimy robe
 15272 | Lair:5   | Identified the +1 robe of Shielding {rPois MR- rCorr SInv} (You found it on level 5 of the Lair of Beasts)
 15340 | Lair:5   | Found a glowing silver altar of Zin.
 15416 | Lair:5   | got it
 15632 | Lair:4   | Found a staircase to the Snake Pit.
 15890 | D:11     | BLOAX: i can't see anything on there being preparations for a tournament that is
 15996 | Orc:1    | Found a roughly hewn altar of Beogh.
 16064 | Orc:1    | Killed an orc warlord
 16064 | Orc:1    | Reached XP level 15. HP: 106/121 MP: 29/29
 16152 | Orc:2    | 4thArraOfDagon: im just trying to to casually win some crappy combo streaks
 16222 | Elf:1    | Entered Level 1 of the Elven Halls
 16253 | Elf:1    | Reached skill level 10 in Armour
 16646 | Elf:1    | Noticed Agnes
 16672 | Elf:1    | Killed Agnes
 16735 | Elf:1    | wow
 16767 | Elf:2    | 4thArraOfDagon: apis>ettin
 16767 | Elf:2    | 4thArraOfDagon: for some reason
 16859 | Elf:2    | Reached skill level 10 in Summonings
 16926 | Elf:1    | Turgon: Why don't you play Dg of Chei?
 16936 | Elf:1    | Turgon: Imagine your stats!
 16958 | Elf:1    | BLOAX: too strong
 17014 | Elf:1    | Turgon: WHAT? Ice dragons in E:1??
 17112 | Elf:1    | Reached skill level 14 in Polearms
 17118 | Elf:1    | Turgon: lol, 19-h hydra!
 17586 | Elf:3    | Entered Level 3 of the Elven Halls
 17602 | Elf:3    | Learned a level 5 spell: Silence
 17743 | Elf:3    | Out of bounds monster: M4edhros's ghost at (0, 0), midx = 86 Monster M4edhros's ghost in rock_wall at (0, 0) [vault: elf_hall (0,0)-(34,30) _(35x31)] [vault: layout_geoelf_castle (0,0)-(79,69) (80x70)]
 18049 | Elf:3    | Reached XP level 16. HP: 128/128 MP: 33/33
 18243 | Elf:3    | Noticed a deep elf blademaster
 18260 | Elf:3    | Killed a deep elf blademaster
 18346 | Elf:3    | Noticed a deep elf master archer
 18368 | Elf:3    | Killed a deep elf master archer
 18487 | Elf:3    | Reached skill level 15 in Polearms
 18651 | Elf:3    | Noticed a deep elf master archer
 18652 | Elf:3    | Noticed a deep elf blademaster
 18671 | Elf:3    | Killed a deep elf master archer
 18701 | Elf:3    | Killed a deep elf blademaster
 18795 | Elf:3    | Noticed a Shadow Fiend
 18931 | Elf:3    | BLOAX: flaming axe?
 18954 | Elf:3    | Turgon: Bardiche!
 18998 | Elf:3    | Turgon: That's interesting, at least with a better brand
 19003 | Elf:3    | Learned a level 2 spell: Sublimation of Blood
 19031 | Elf:3    | Got a smoking ring mail
 19036 | Elf:3    | Identified the +4 ring mail of Life {*Confuse Int+3 Dex+5} (You found it on level 3 of the Elven Halls)
 19080 | Elf:3    | Got a shimmering broad axe
 19081 | Elf:3    | Identified the +3 broad axe of Xackuul {venom, Dex+2} (You found it on level 3 of the Elven Halls)
 19092 | Elf:3    | :(
 19326 | Orc:2    | Bought a scroll of teleportation for 99 gold pieces
 19326 | Orc:2    | Bought a small onyx ring for 165 gold pieces
 19326 | Orc:2    | Bought a scroll of identify for 66 gold pieces
 19524 | Lair:4   | 4thArraOfDagon: swamp
 19525 | Lair:4   | Found a staircase to the Swamp.
 19540 | Lair:4   | Turgon: 14-h hydra
 19843 | Swamp:1  | Entered Level 1 of the Swamp
 20020 | Swamp:1  | 4thArraOfDagon: hmm
 20033 | Swamp:1  | 4thArraOfDagon: thats not doable
 20045 | Lair:4   | 4thArraOfDagon: ill try depths :(
 20084 | D:11     | BLOAX: hi
 20087 | D:11     | You fall through a shaft!
 20088 | D:12     | BLOAX: there was a flaming broad axe in elf
 20126 | D:13     | 4thArraOfDagon: war axe will do i guess
 20738 | Swamp:1  | Noticed Aizul
 20739 | Swamp:1  | Reached XP level 17. HP: 121/137 MP: 35/35
 20751 | Swamp:1  | 4thArraOfDagon: got it
 20865 | Swamp:2  | BLOAX: gonna sleep some more
 20869 | Swamp:2  | BLOAX: l8rs
 20908 | Swamp:2  | 4thArraOfDagon: l8
 20979 | Swamp:4  | Entered Level 4 of the Swamp
 21070 | Swamp:4  | Reached skill level 16 in Polearms
 21427 | Swamp:3  | Noticed Roxanne
 21683 | Swamp:4  | Reached skill level 5 in Evocations
 21743 | Swamp:4  | 4thArraOfDagon: bbl
 21743 | Swamp:4  | 4thArraOfDagon: or 2morow
 21899 | Swamp:4  | Got a decaying rune of Zot
 22060 | Swamp:3  | Killed Roxanne
 22079 | Swamp:3  | Learned a level 6 spell: Statue Form
 22143 | Swamp:2  | Turgon: Why did you push summoning to 12?
 22172 | Swamp:2  | Turgon: for shadow creatures?
 22193 | Swamp:2  | 4thArraOfDagon: yep
 22211 | Swamp:2  | Turgon: mhmm
 22235 | Swamp:2  | 4thArraOfDagon: besides
 22235 | Swamp:2  | 4thArraOfDagon: thats my only hope
 22235 | Swamp:2  | 4thArraOfDagon: in case of bad equipment
 22235 | Swamp:2  | 4thArraOfDagon: ( which i possess right now
 22292 | Lair:4   | Reached skill level 1 in Transmutations
 22293 | Lair:4   | Turgon: Why hat of pondering? I don't get the point.
 22297 | Lair:4   | BLOAX: 38.3 C
 22300 | Lair:4   | BLOAX: fuck
 22352 | Lair:4   | 4thArraOfDagon: pondering> no helm at all
 22388 | Lair:4   | 4thArraOfDagon: man
 22388 | Lair:4   | 4thArraOfDagon: you should take some pilss
 22388 | Lair:4   | BLOAX: pondering is AC+3 MR+ Int+5 Mp+10
 22388 | Lair:4   | 4thArraOfDagon: pills
 22397 | Lair:4   | BLOAX: there are none
 22404 | Snake:1  | Entered Level 1 of the Snake Pit
 22412 | Snake:1  | BLOAX: and besides
 22422 | Snake:1  | Reached skill level 1 in Earth Magic
 22432 | Snake:1  | BLOAX: nothing really helps against memfluenza
 22444 | Snake:1  | Noticed Frances
 22446 | Snake:1  | BLOAX: due to lol viruses
 22454 | Snake:1  | Killed Frances
 22897 | Snake:1  | Reached skill level 17 in Polearms
 23040 | Snake:2  | Turgon: Pick up glaive?
 23463 | Snake:3  | Found Igrowink's General Store.
 23478 | Snake:3  | Bought a scroll of identify for 28 gold pieces
 23492 | Snake:3  | Gained mutation: You are very agile. (Dex +4) [mutagenic meat]
 23533 | Snake:3  | Reached XP level 18. HP: 123/145 MP: 36/36
 23716 | Snake:3  | Identified Nelius's Reference Book on the Volcanoes (You found it on level 3 of the Snake Pit)
 23792 | Snake:3  | Reached skill level 5 in Earth Magic
 23866 | Snake:3  | Reached skill level 5 in Transmutations
 23900 | Snake:4  | Entered Level 4 of the Snake Pit
 23936 | Snake:4  | Found Cuz Punk's Gadget Emporium.
 24135 | Snake:4  | Found Xiufim's Food Boutique.
 24179 | Snake:4  | Found Kumen's Magic Scroll Shoppe.
 24196 | Snake:4  | Bought a scroll of teleportation for 54 gold pieces
 24196 | Snake:4  | Bought a scroll of enchant weapon for 135 gold pieces
 24367 | Snake:4  | Identified the Almanac of Dislocation
 24372 | Snake:4  | Learned a level 1 spell: Apportation
 24628 | Snake:4  | Found Viymudde's Gadget Boutique.
 25200 | Snake:4  | Got a serpentine rune of Zot
 25225 | Snake:4  | Turgon: I still think it's a poor game without god
 25230 | Snake:4  | 4thArraOfDagon: yep :(
 25250 | Snake:4  | Turgon: No HP on kills, no heroism, no brothers in arms, no divinations or whatsoever
 25324 | Snake:2  | 4thArraOfDagon: i know man
 25324 | Snake:2  | 4thArraOfDagon: its tough life
 25381 | Snake:3  | Bought a box of beasts for 280 gold pieces
 25485 | Snake:2  | Turgon: And no random teleport by Xom on Vaults:5
 25496 | Snake:2  | Found a runed gate.
 25496 | Snake:2  | Found a runed gate.
 25496 | Snake:2  | Found a runed gate.
 25498 | Snake:2  | Turgon: :-)
 25653 | Snake:2  | 4thArraOfDagon: :)
 25709 | Snake:2  | Turgon: +1 EV, haha
 25723 | Snake:2  | Turgon: good joke, RNG
 25788 | Snake:2  | Reached skill level 18 in Polearms
 26173 | Slime:1  | Entered Level 1 of the Pits of Slime
 26193 | Slime:2  | Gained mutation: You sometimes yell uncontrollably at your foes. [a shining eye]
 26256 | Slime:1  | Reached XP level 19. HP: 151/151 MP: 37/37
 26722 | Slime:2  | Turgon: What's your PA skill actually?
 26787 | Slime:2  | 4thArraOfDagon: 18.5
 26797 | Slime:3  | Turgon: 18.5 only (!)
 26829 | Slime:3  | M4edhros: bad
 26830 | Slime:3  | M4edhros: idea
 27037 | Slime:2  | Turgon: There are potions of might and brilliance
 27051 | Slime:3  | Turgon: But there is no potion of buff skill
 27111 | Slime:3  | Turgon: like +5 (with Oka heroism)
 27254 | Slime:6  | Entered Level 6 of the Pits of Slime
 27286 | Slime:6  | :O
 27396 | Slime:6  | Noticed the Royal Jelly
 27400 | Slime:6  | 4thArraOfDagon: no idea if i should statue form
 27401 | Slime:6  | Turgon: what about mirror?
 27443 | Slime:6  | Reached skill level 19 in Polearms
 27457 | Slime:6  | Turgon: careful
 27459 | Slime:6  | M4edhros: lamp of fire in my opinion
 27459 | Slime:6  | M4edhros: and job would be done
 27459 | Slime:6  | M4edhros: (if u have evo)
 27459 | Slime:6  | Turgon: Corr -16
 27459 | Slime:6  | Killed the Royal Jelly
 27460 | Slime:6  | M4edhros: just enough to leave some flames
 27460 | Slime:6  | Turgon: holla
 27460 | Slime:6  | M4edhros: gj
 27460 | Slime:6  | Turgon: that was the friendly trj I suppose
 27471 | Slime:5  | 4thArraOfDagon: yea
 27657 | Slime:5  | M4edhros: in my opinion
 27672 | Slime:5  | M4edhros: that spectral weapon is overpowered
 27684 | Slime:5  | M4edhros: like nothing
 27707 | Slime:5  | M4edhros: i use it this game
 27709 | Slime:5  | Turgon: It was always very good
 27709 | Slime:5  | M4edhros: and its even not fun : )
 27724 | Slime:6  | Turgon: Spectral polearm is especially good
 27750 | Slime:6  | Turgon: Well, skald was one of my favourite starts
 27750 | Slime:6  | 4thArraOfDagon: look there is a hope for this char
 27772 | Slime:6  | Turgon: So you have regen spell and spectral weapon in starting book
 27783 | Slime:6  | Got a scorched plate armour
 27787 | Slime:6  | Identified the +10 plate armour of Vaet Xeini {rC+} (You found it on level 6 of the Pits of Slime)
 27809 | Slime:6  | BLOAX: reasons to take points in str++
 27809 | Slime:6  | Turgon: What do you mean with 'hope'?
 27824 | Slime:6  | Got a twisted plate armour
 27825 | Slime:6  | Identified the +6 plate armour "Jutuunyn" {Str+2} (You found it on level 6 of the Pits of Slime)
 27848 | Slime:6  | Got a steaming jade amulet
 27849 | Slime:6  | Identified the amulet of Namiwaut {Fragile +Rage rElec MR+ Str+4} (You found it on level 6 of the Pits of Slime)
 27850 | Slime:6  | hmmm
 27850 | Slime:6  | BLOAX: cool
 27862 | Slime:6  | Got a twitching ivory ring
 27864 | Slime:6  | Identified the ring "Caetz" {rF+ rC+ Slay+5} (You found it on level 6 of the Pits of Slime)
 27865 | Slime:6  | emiel: wow
 27865 | Slime:6  | BLOAX: wow
 27865 | Slime:6  | Turgon: oh
 27865 | Slime:6  | emiel: wow
 27865 | Slime:6  | 4thArraOfDagon: :)
 27865 | Slime:6  | BLOAX: hope++
 27868 | Slime:6  | Turgon: good for your octopode, emiel :-)
 27870 | Slime:6  | BLOAX: +10 plate, MR+ rElec +Rage Str+4 amulet
 27875 | Slime:6  | BLOAX: i approve of this message
 27875 | Slime:6  | emiel: :P
 27882 | Slime:6  | Identified a +6 rod of inaccuracy (11/11) (You found it on level 6 of the Pits of Slime)
 27884 | Slime:6  | Got a slimy rune of Zot
 27890 | Slime:6  | Turgon: Rod of inacc = rod of hell sentinels' doom
 27893 | Slime:6  | 4thArraOfDagon: slime of hope
 27893 | Slime:6  | Reached XP level 20. HP: 158/158 MP: 21/38
 27939 | Slime:6  | Identified the Volume of Attacks (You found it on level 6 of the Pits of Slime)
 27975 | Slime:6  | M4edhros: u skilled so much in earth/transmu
 27996 | Slime:6  | M4edhros: are u sure u want to go heavy armour?
 27998 | Slime:6  | Turgon: no, not that much
 27998 | Slime:6  | M4edhros: 10 and 10
 28000 | Slime:5  | M4edhros: thats some xp
 28000 | Slime:5  | Turgon: oh
 28000 | Slime:5  | M4edhros: 1/3 of your xp ;/
 28000 | Slime:5  | 4thArraOfDagon: yea well i used statue just for trj i guess
 28000 | Slime:5  | M4edhros: you could think of it, and get more spell usage
 28000 | Slime:5  | M4edhros: and abuse that statue form
 28001 | Slime:5  | M4edhros: btu its your decision
 28030 | Slime:2  | 4thArraOfDagon: its not that great
 28030 | Slime:2  | 4thArraOfDagon: especially with weapon
 28030 | Slime:2  | 4thArraOfDagon: and slow weapon
 28030 | Slime:2  | BLOAX: statue form is great with unarmed and high str
 28063 | Lair:8   | BLOAX: it's not very good with a weapon if you don't need it for something
 28063 | Lair:8   | BLOAX: like AC or torment resistance
 28535 | D:13     | 4thArraOfDagon: ok its a sign
 28535 | D:13     | 4thArraOfDagon: to hit the pillow
 28535 | D:13     | BLOAX: BITE THE PILLOW
 28535 | D:13     | BLOAX: BECAUSE I'M GOING IN DRY
 28535 | D:13     | 4thArraOfDagon: get well man
 28535 | D:13     | BLOAX: sweet dreams
 28535 | D:13     | 4thArraOfDagon: and dont go to school, are you some kind of psycho
 28535 | D:13     | BLOAX: i did not go to school today
 28535 | D:13     | 4thArraOfDagon: oh at least that
 28535 | D:13     | BLOAX: in fear of my god damn life
 28535 | D:13     | BLOAX: and i won't go tomorrow
 28535 | D:13     | BLOAX: because my condition is horrible even though i stayed
 28535 | D:13     | BLOAX: can't imagine how bad it would have been had i not
 28535 | D:13     | 4thArraOfDagon: fair, get better then
 28535 | D:13     | 4thArraOfDagon: cya guys
 28535 | D:13     | Upgraded the game from 0.18-a0-1350-g404b4cb to 0.18-a0-1354-gbc5753f
 28539 | D:13     | where we are at
 28539 | D:13     | hmmm
 28558 | D:13     | BLOAX: you might be interested in https://www.youtube.com/watch?v=WFkGjEut9U4&t=3m56s
 28558 | D:13     | 4thArraOfDagon: ohh yea
 28558 | D:13     | 4thArraOfDagon: i might be the last person on earth to never play ftl
 28558 | D:13     | BLOAX: I played FTL when it was pretty new.
 28558 | D:13     | 4thArraOfDagon: but my brother have playing and i know this soundtrack very good
 28558 | D:13     | 4thArraOfDagon: ben*
 28558 | D:13     | 4thArraOfDagon: been*
 28559 | D:13     | BLOAX: I got to the final boss once but never bothered playing it much.
 28568 | D:12     | BLOAX: The soundtrack was very memorable though.
 28693 | Orc:2    | Bought a manual of Armour for 1214 gold pieces
 28723 | Orc:2    | Bought a Young Poisoner's Handbook for 520 gold pieces
 28726 | Orc:2    | Learned a level 2 spell: Cure Poison
 28826 | D:11     | jacquesderrida: ohhhhh little degin
 28862 | D:13     | jacquesderrida: we be impaling
 28862 | D:13     | 4thArraOfDagon: im back into actien
 28922 | D:14     | jacquesderrida: filling good stronk arms stedy legs potent member good to go
 28974 | D:14     | jacquesderrida: Spoken like a true grognard the barbarian
 29138 | D:14     | Found a gate to the Vaults.
 29211 | Vaults:1 | Entered Level 1 of the Vaults
 29582 | Vaults:1 | #REDHATCH HYPE
 29630 | Vaults:2 | Reached XP level 21. HP: 108/165 MP: 39/39
 29641 | Vaults:2 | BLOAX: a barbarian is no true barbarian if he can't continue his bloodline, after all
 29672 | Vaults:2 | #TELE HYPE
 29698 | Vaults:2 | BLOAX: where did the plate go?
 29901 | Vaults:2 | 4thArraOfDagon: got it
 29901 | Vaults:2 | 4thArraOfDagon: in my pocket
 30107 | Vaults:2 | jacquesderrida: Every barbarian creates blood lines daily
 30127 | Vaults:1 | jacquesderrida: As well as blood puddles and blood pools
 30143 | Vaults:1 | jacquesderrida: and blood splashes
 30183 | Vaults:1 | Reached skill level 15 in Armour
 30261 | Vaults:1 | BLOAX: yes
 30299 | Vaults:1 | BLOAX: but it seems like a futile quest
 30439 | Vaults:1 | BLOAX: if your line of stronk bloodsplattering vanishes from existence
 31439 | Vaults:3 | jacquesderrida: potent member help barber
 31455 | Vaults:3 | jacquesderrida: potent member good
 31555 | Vaults:3 | Gained mutation: You expend magic power (3 MP) to strengthen your wands. [mutagenic glow]
 31830 | Vaults:3 | Turgon: I'm surprised you're never interested in scrolls of amnesia
 31847 | Vaults:4 | Turgon: I always considered them to be important
 31923 | Vaults:4 | Turgon: E.g., when I wanted to forget spells (to learn silence for tomb)
 32369 | Vaults:4 | Reached skill level 20 in Polearms
 32428 | Vaults:4 | Reached XP level 22. HP: 62/174 MP: 40/40
 32490 | Vaults:4 | Turgon: Was there a bardiche?
 32505 | Vaults:4 | BLOAX: he is just as interested in scrolls of amnesia as i am
 32505 | Vaults:4 | Turgon: ok, only plain
 32507 | Vaults:4 | BLOAX: perhaps even more than i am
 32583 | Vaults:4 | Turgon: Well, some spells are useful in early game - like shroud of golubria
 32585 | Vaults:4 | BLOAX: (the only time i ever use amnesia is when i'm rolling a caster which is not often)
 32815 | Vaults:4 | Turgon: Or you have conjure flame - good in early and midgame. Not too important in extended
 33002 | Vaults:5 | Entered Level 5 of the Vaults
 33043 | Vaults:5 | Reached skill level 10 in Fighting
 33181 | Vaults:5 | uhhh
 33238 | Vaults:5 | Killed from afar by a salamander stormcaller

Vault maps used:
D:1:      dpeg_arrival_houses_and_road, serial_corexii_hall,
          corexii_hall_statues_i, corexii_hall_statues_i
D:2:      ecumenical_altar_2, uniq_sigmund, uniq_robin
D:3:      kiku_gazebo_pond_becter, st_stairs_1, minmay_misc_feat_rugged,
          grunt_decor_resistance
D:4:      minmay_misc_feat_nine_boxes
D:5:      fedhas_altar_1, temple_doors_e, first_bread, serial_shops, shop
D:6:      grunt_gozag_statues, gammafunk_temple_overflow_pools, basic_altar,
          hangedman_decor_peaks_small, serial_park_tiny_1, uniq_grinder
D:7:      nicolae_overflow_crystal_walls, enter_bailey_2
D:8:      old_standard_altar, uniq_joseph
D:9:      johnstein_pakellas_death_squad, uniq_pikel, uniq_gastronok
D:10:     serial_shops, kennysheep_mini, hangedman_stone_soup, uniq_harold,
          uniq_fannar
D:11:     david_lair_generic, erik_orc_1, minmay_misc_feat_five
D:13:     lab_entry_generic, tso_metal_star
D:14:     grunt_vaults_entry_fortified, special_room, spider_trap, wad_mini_maze
D:15:     hangedman_depths_entry_try_elsewhere_first, hex_tiny,
          minmay_misc_feat_rows, uniq_nessos
Lair:2:   lemuel_fruit_tree
Lair:4:   swamp_mist_pool, guppyfry_snake_entry_garden, guppyfry_lair_drakes
Lair:5:   basic_altar, infiniplex_staircase_pool, grunt_megastairs_2
Lair:6:   uniq_maud
Lair:7:   uniq_rupert
Lair:8:   hangedman_lair_tendril_chambers, guppyfry_lair_end_dragon,
          slime_altar_2, minmay_another_anthill
Swamp:1:  nicolae_swamp_treefoil, swamp_pool5, uniq_aizul, uniq_kirke
Swamp:2:  hangedman_swamp_diagram
Swamp:3:  evilmike_swamp_ruin_house_4, uniq_roxanne
Swamp:4:  swamp, swamp_pool1, ldierk_geyser
Snake:1:  grunt_ministairs_6, st_stairs_8, hangedman_snake_corridor_split,
          uniq_frances
Snake:2:  cheibrodos_snake_lava_hold, serial_bayou_pond_d, grunt_ministairs_7,
          nicolae_snake_horde_hoard
Snake:3:  serial_shops, shop, nrook_guardian_serpent_double
Snake:4:  grunt_snake_rune_serpentine_throne, serial_shops, shop,
          nicolae_shop_statue_plus, nicolae_shop_stone, shop_fountains,
          guppyfry_library_mini
Orc:1:    lemuel_statue_altar, uniq_snorg
Orc:2:    kennysheep_orc_mage_school, basic_altar, serial_shops,
          nicolae_shop_waterfront
Elf:1:    eino_elf_arrival_customs, special_room, orc_legates, uniq_agnes
Elf:2:    spider_trap, st_stairs_3
Elf:3:    elf_hall, minivault_25_ag, grunt_ministairs_14
Vaults:1: ontoclasm_vaults_eye, nicolae_vaults_quadrants, v_pattern_2,
          hangedman_vaults_locks, v_rooms_2, nicolae_vaults_little_squares_1,
          v_alt_pattern_4, vaults_room_grunt_arrival_ludios, v_rooms_3,
          nicolae_vaults_little_squares_4, ontoclasm_vaults_ligature, v_misc_19,
          ontoclasm_vaults_decontamination
Vaults:2: v_misc_13, hangedman_vaults_pinch, v_misc_33, ontoclasm_vaults_idyll,
          grunt_vaults_swirl, st_smaller_cells, v_misc_10, vaults_room_pool,
          hangedman_vaults_stagger, dpeg_vaults_monster_box,
          nicolae_vaults_little_squares_1, nicolae_vaults_little_squares_5,
          nicolae_vaults_angled_halls, hangedman_vaults_impose, v_misc_22
Vaults:3: vaults_dpeg_spiral, ontoclasm_vaults_ring_square, v_misc_28,
          v_misc_13, nicolae_vaults_circle_grid_b, v_pattern_5,
          nicolae_vaults_little_squares_3, nicolae_vaults_display_case,
          v_misc_27, v_misc_18, vaults_dpeg_ring, vaults_room_hallway,
          minmay_crypt_entry_simple_statues
Vaults:4: nicolae_vaults_branching_niches, v_misc_16, nicolae_vaults_rhombus_6,
          vaults_room_corners, vaults_room_pool, vaults_dpeg_diagonal,
          dpeg_vaults_monster_row, ontoclasm_vaults_hangar,
          nicolae_vaults_big_ls, ontoclasm_vaults_spin,
          vaults_dpeg_encased_lava, vaults_room_pools
Lab:      nicolae_lab_blocks, nicolae_lab_very_dead_end, nicolae_lab_t_cross,
          nicolae_lab_grate_2, lab_statue
Bailey:   bailey_polearm_1, bailey

Action                   |  1- 3 |  4- 6 |  7- 9 | 10-12 | 13-15 | 16-18 | 19-21 | 22-24 || total
-------------------------+-------+-------+-------+-------+-------+-------+-------+-------++-------
Melee: Mace              |    25 |       |       |       |       |       |       |       ||    25
       Hand axe          |    55 |       |       |       |       |       |       |       ||    55
       Lajatang          |       |    67 |    56 |       |       |       |       |       ||   123
       Dagger            |       |    62 |       |       |       |       |       |       ||    62
       Halberd           |       |       |   189 |   835 |  1786 |  1085 |       |       ||  3895
       War axe           |       |       |       |       |       |    93 |       |       ||    93
       Bardiche          |       |       |       |       |       |   534 |  1524 |   266 ||  2324
 Fire: Hand crossbow     |    49 |    20 |     3 |       |       |       |       |       ||    72
Throw: Throwing net      |       |       |       |     3 |     1 |     4 |       |       ||     8
 Cast: Regeneration      |       |       |       |       |   127 |   249 |   150 |    26 ||   552
       Spectral Weapon   |       |       |       |       |    62 |   174 |    80 |     6 ||   322
       Shadow Creatures  |       |       |       |       |       |    19 |       |     3 ||    22
       Statue Form       |       |       |       |       |       |       |     1 |       ||     1
       Cure Poison       |       |       |       |       |       |       |     9 |       ||     9
 Abil: End Transformatio |       |       |       |       |       |       |     1 |       ||     1
Evoke: Wand              |       |     2 |     6 |    12 |    14 |    16 |     5 |     2 ||    57
       Rod               |       |       |       |       |       |     2 |     4 |       ||     6
       Box of beasts     |       |       |       |       |       |       |     7 |     6 ||    13
       Phantom mirror    |       |       |       |       |       |       |     2 |       ||     2
       Disc of storms    |       |       |       |       |       |       |     2 |       ||     2
       Lamp of fire      |       |       |       |       |       |       |     2 |       ||     2
  Use: Scroll            |     4 |     3 |    11 |    17 |     9 |    27 |    12 |     2 ||    85
       Potion            |       |       |     2 |     3 |     1 |    12 |    14 |     3 ||    35
 Stab: Sleeping          |       |       |     5 |    15 |    11 |     8 |     1 |       ||    40
       Distracted        |       |       |       |     2 |    13 |    30 |    17 |     4 ||    66
       Held in net/web   |       |       |       |     1 |     1 |     7 |       |       ||     9
  Eat: Chunk             |     1 |     7 |     8 |    18 |    31 |    13 |    12 |       ||    90
       Beef jerky        |       |     1 |     1 |     3 |       |       |     3 |       ||     8
       Royal jelly       |       |       |       |     1 |     2 |     1 |       |       ||     4
       Fruit             |       |       |       |     1 |     1 |    19 |       |       ||    21
       Pizza             |       |       |       |     2 |     1 |     1 |     1 |       ||     5
       Bread ration      |       |       |       |       |       |     6 |     2 |       ||     8
       Meat ration       |       |       |       |       |       |       |     1 |     1 ||     2
